 Dungeon Crawl Stone Soup version 0.31.0-11-ge490571c62 (webtiles) character file.

Game seed: 7049854185862557680

4949 Gadfly the Insei (level 10, -3/77 HPs)
             Began as a Demonspawn Monk on Jan 27, 2024.
             Was an Initiate of Ru.
             Killed from afar by a manticore (17 damage)
             ... with a volley of spikes
             ... on level 7 of the Dungeon.
             The game lasted 00:13:28 (6700 turns).

Gadfly the Insei (Demonspawn Monk)                  Turns: 6700, Time: 00:13:28

Health: -3/77      AC:  5    Str: 16    XL:     10   Next: 28%
Magic:  9/9        EV: 20    Int: 10    God:    Ru [......]
Gold:   546        SH:  0    Dex: 16    Spells: 8/9 levels left

rFire   + . .        b - +3 flail (drain)
rCold   . . .        (no shield)
rNeg    . . .        l - +0 steam dragon scales
rPois   .            (helmet restricted)
rElec   .            (no cloak)
rCorr   .            (no gloves)
SInv    .            (no boots)
Will    .....        (no amulet)
Stlth   +            d - +5 ring of evasion
HPRegen 0.32/turn    c - ring of flight
MPRegen 0.11/turn

%: no passive effects
@: spiked, flying
A: hooves 1, horns 1, low MP 1, powered by pain 1, demonic touch 2, fire
resistance 1, wild magic 1
a: Renounce Religion


You were on level 7 of the Dungeon.
You worshipped Ru.
Ru was noncommittal.
You visited 1 branch of the dungeon, and saw 7 of its levels.
You also visited: Sewer.

You collected 546 gold pieces.

Inventory:

Hand Weapons
 b - a +3 flail of draining (weapon)
 z - a +2 flail of venom
Armour
 a - an orb of light
 j - quicksilver dragon scales
 l - +0 steam dragon scales (worn)
 y - the +2 leather armour of Vaizema {+Inv Fly rF+ Str-4}
   (You took it off a deep elf pyromancer on level 7 of the Dungeon)

   Str-4:     It affects your strength (-4).
   rF+:       It protects you from fire.
   +Inv:      It lets you turn invisible.
   Fly:       It grants you flight.
Jewellery
 c - a ring of flight (right hand)
 d - a +5 ring of evasion (left hand)
Wands
 i - a wand of charming (5)
 k - a wand of flame (38) (quivered)
 s - a wand of polymorph (5)
Scrolls
 e - 2 scrolls of vulnerability
 m - 2 scrolls of enchant weapon
 p - a scroll of identify
 t - 2 scrolls of poison
 v - a scroll of teleportation
 x - a scroll of revelation
Potions
 f - 2 potions of enlightenment
 g - 3 potions of curing
 h - 2 potions of mutation
 n - a potion of lignification
 o - a potion of haste
 q - a potion of berserk rage
 r - a potion of heal wounds


   Skills:
 * Level 6.4 Fighting
 + Level 6.3 Dodging
 * Level 7.0 Unarmed Combat
 - Level 6.4 Evocations
 * Level 6.8 Shapeshifting


You had 8 spell levels left.
You knew the following spells:

 Your Spells              Type           Power      Damage    Failure   Level
a - Summon Small Mammal   Summ           0%         N/A       45%         1

Your spell library contained the following spells:

 Spells                   Type           Power      Damage    Failure   Level
 Static Discharge         Conj/Air       0%         3-3/arc   58%         2
 Call Canine Familiar     Summ           0%         N/A       82%         3
 Inner Flame              Hex/Fire       0%         N/A       82%         3
 Airstrike                Air            0%         2d(0-16)  99%         4
 Summon Blazeheart Golem  Fire/Summ      0%         N/A       99%         4
 Summon Lightning Spire   Summ/Air       0%         N/A       99%         4
 Metabolic Englaciation   Hex/Ice        0%         N/A       100%        5
 Summon Forest            Summ/Tloc      0%         N/A       100%        5
 Enfeeble                 Hex            0%         N/A       100%        7


Dungeon Overview and Level Annotations

Branches:
Dungeon (7/15)             Temple (0/1) D:7           Sewer (visited)

Altars:
Dithmenos
Gozag
Hepliaklqana
Kikubaaqudgha
Makhleb
Nemelex Xobeh
Okawaru
Ru
Uskayaw
Vehumet
Xom

Annotations:
D:4 3 runed translucent doors, jestert79's ghost, novice DrHW


Innate Abilities, Weirdness & Mutations

You have large cloven feet.
You have a pair of small horns on your head.
Your magical capacity is low. (-10% MP)
You sometimes gain a little power by taking damage.
Your touch may inflict irresistible damage on your foes.
Your flesh is heat resistant. (rF+)
Your spells are a little harder to cast, but a little more powerful.


Message History

The barbed spikes dig painfully into your body as you move.
You feel very sick.
The kobold brigand throws a poisoned dart.
The poisoned dart hits you!
You are more poisoned.
The barbed spikes dig painfully into your body as you move.
You feel very sick.
The barbed spikes dig painfully into your body as you move.
You feel very sick.
The barbed spikes dig painfully into your body as you move.
* * * LOW HITPOINT WARNING * * *
You feel very sick.
You feel better.
The barbed spikes dig painfully into your body as you move.
* * * LOW HITPOINT WARNING * * *
You barely miss the kobold brigand. You kick the kobold brigand.
You headbutt the kobold brigand. Your punch misses the kobold brigand.
The kobold brigand is moderately wounded.
The kobold brigand completely misses you.
The kobold brigand hits you with a +0 short sword.
* * * LOW HITPOINT WARNING * * *
You hit the kobold brigand. You drain the kobold brigand.
Your kick misses the kobold brigand.
The kobold brigand is heavily wounded.
The kobold brigand completely misses you.
You closely miss the kobold brigand.
You touch the kobold brigand!
The kobold brigand is severely wounded.
You carefully extract the barbed spikes from your body.
The kobold brigand misses you.
The kobold brigand hits you with a +0 short sword.
* * * LOW HITPOINT WARNING * * *
You hit the kobold brigand. Your punch misses the kobold brigand.
The kobold brigand is almost dead.
The kobold brigand closely misses you.
You closely miss the kobold brigand.
You touch the kobold brigand.
You kill the kobold brigand!
The manticore flicks its tail.
The volley of spikes skewers you!
The barbed spikes become lodged in your body.
You die...

♣...♣ ### ##'########.♣ ♣.#..#
♣...♣ ♣♣)♣♣#...#....)#.♣♣♣.#..#
♣..)♣♣♣[♣.♣♣...♣.♣.♣.♣.....#..#
[...(..♣♣♣.'>8<'.♣.♣....♣.....###
♣.......♣.♣♣.[.♣.♣♣♣.♣.....#....#
♣....#♣♣.♣♣#)..#.♣ ♣.#.♣♣♣.#..#.#
♣...♣# ######)#### ###.♣ ♣.#..#.#
♣...♣ ♣.....♣♣ ♣♣#.♣ ♣.#..#.#
♣♣.♣♣ ♣. ♣.#####@♣♣.♣#.♣ ♣.#..#..
♣.♣ ♣.♣ #...#)♣.♣ #.♣ ♣.#...##
♣.♣ ♣..##'##H.♣ .. ..#.#... ###
♣....B♣♣♣ #....# ###K### ##...#
#.....# ##..# # #....H.B..# ##..#
## ...:?..~.B..... #.... .####
♣♣#.........#♣♣ #.#..


You could see a manticore and a bombardier beetle.

Vanquished Creatures
  A deep elf pyromancer (D:7)
  2 gargoyles (D:7)
  A hornet (D:7)
  A vampire (D:7)
  2 wyverns (D:7)
  A steam dragon (D:4)
  Edmund (D:6)
  A water moccasin (D:7)
  Duvessa (D:4)
  An orc warrior (D:6)
  Pargi (Sewer)
  2 ice beasts (D:7)
  2 black bears (D:7)
  3 ogres
  3 centaurs
  A phantom (D:5)
  Blork the orc (D:6)
  3 kobold brigands
  2 bullfrogs
  A brain worm (Sewer)
  4 scorpions
  Dowan (D:4)
  3 howler monkeys (D:7)
  3 bombardier beetles
  2 jellies
  A gnoll bouda (D:4)
  4 orc priests
  6 iguanas
  6 orc wizards
  Ijyb (D:3)
  Terence (D:3)
  6 gnolls
  2 river rats (D:5)
  6 adders
  2 shadow imps
  A white imp (D:7)
  2 ufetubi (D:7)
  3 dart slugs
  A ribbon worm (D:4)
  21 orcs
  10 ball pythons
  11 bats
  8 endoplasms
  6 giant cockroaches
  15 goblins
  17 hobgoblins
  5 jackals
  2 quokkas
  4 frilled lizards
  24 kobolds
  7 rats
216 creatures vanquished.

Notes
Turn   | Place    | Note
-------+----------+-------------------------------------------
     0 | D:1      | Gadfly the Demonspawn Monk began the quest for the Orb.
     0 | D:1      | Reached XP level 1. HP: 18/18 MP: 1/1
    95 | D:1      | Discovered your monstrous ancestry.
    95 | D:1      | Gained mutation: Your touch may inflict minor irresistible
                  | damage on your foes. [demonic ancestry]
    95 | D:1      | Reached XP level 2. HP: 24/24 MP: 2/2
   104 | D:1      | Reached skill level 1 in Evocations
   369 | D:1      | Reached skill level 1 in Shapeshifting
   369 | D:1      | Gained mutation: You have a pair of small horns on your
                  | head. [demonic ancestry]
   369 | D:1      | Reached XP level 3. HP: 20/29 MP: 3/3
   597 | D:1      | Found a faded altar of an unknown god.
   979 | D:2      | Reached skill level 3 in Unarmed Combat
  1088 | D:2      | Reached XP level 4. HP: 31/35 MP: 4/4
  1226 | D:2      | Gained mutation: Your spells are a little harder to cast,
                  | but a little more powerful. [potion of mutation]
  1226 | D:2      | Gained mutation: Potions are less effective at restoring
                  | your health. [potion of mutation]
  1246 | D:2      | Lost mutation: Potions are less effective at restoring your
                  | health. [potion of mutation]
  1246 | D:2      | Lost mutation: Your spells are a little harder to cast, but
                  | a little more powerful. [potion of mutation]
  1246 | D:2      | Gained mutation: Your spells are a little harder to cast,
                  | but a little more powerful. [potion of mutation]
  1246 | D:2      | Gained mutation: Your flesh is heat resistant. (rF+)
                  | [potion of mutation]
  1389 | D:2      | Found a shimmering altar of Xom.
  1636 | D:3      | Noticed Ijyb
  1649 | D:3      | Killed Ijyb
  1782 | D:3      | Got the Annotations on the Map and Hexes
  1845 | D:3      | Noticed Terence
  1853 | D:3      | Killed Terence
  1854 | D:3      | Gained mutation: You have large cloven feet. [demonic
                  | ancestry]
  1854 | D:3      | Reached XP level 5. HP: 26/41 MP: 5/5
  2069 | D:4      | Found a large runed translucent door.
  2070 | D:4      | Found a large runed translucent door.
  2073 | D:4      | Found a large runed translucent door.
  2073 | D:4      | Found a large runed translucent door.
  2131 | D:4      | Found an ancient bone altar of Kikubaaqudgha.
  2299 | D:4      | Found a runed translucent gate.
  2300 | D:4      | Found a runed translucent gate.
  2301 | D:4      | Found a runed translucent gate.
  2302 | D:4      | Noticed jestert79's ghost (novice DrHW)
  2358 | D:4      | Noticed an ogre
  2374 | D:4      | Killed an ogre
  2375 | D:4      | Reached XP level 6. HP: 47/47 MP: 6/6
  2568 | D:4      | Noticed Duvessa
  2568 | D:4      | Noticed Dowan
  2573 | D:4      | Killed Duvessa
  2590 | D:4      | Killed Dowan
  2591 | D:4      | Reached XP level 7. HP: 35/52 MP: 7/7
  2992 | D:4      | Noticed a steam dragon
  2995 | D:4      | Killed a steam dragon
  2996 | D:4      | Reached skill level 4 in Unarmed Combat
  3288 | D:4      | Identified the ring of Sout {^Drain rF+ Str-3 Int+6 Dex+5}
  3343 | D:4      | Learned a level 1 spell: Summon Small Mammal
  3354 | D:5      | Entered Level 5 of the Dungeon
  3364 | D:5      | Reached skill level 5 in Evocations
  3481 | D:5      | Gained mutation: Your touch may inflict irresistible damage
                  | on your foes. [demonic ancestry]
  3481 | D:5      | Reached XP level 8. HP: 55/58 MP: 8/8
  3504 | D:5      | Found a glowing drain.
  3594 | D:5      | Found an opulent altar of Gozag.
  3633 | Sewer    | Entered a sewer
  3682 | Sewer    | Noticed Pargi
  3690 | Sewer    | Killed Pargi
  3972 | D:5      | Found a sacrificial altar of Ru.
  3973 | D:5      | Found a sparkling altar of Nemelex Xobeh.
  4027 | D:5      | Became a worshipper of Ru the Awakened
  4100 | D:5      | Identified the +2 scale mail "Zyjalaop" {Regen+ rCorr
                  | Int+3}
  4459 | D:5      | Found an iron altar of Okawaru.
  4487 | D:5      | Found a hide-covered altar of Uskayaw.
  4558 | D:6      | Found a shadowy altar of Dithmenos.
  4563 | D:6      | Found a hazy altar of Hepliaklqana.
  4612 | D:6      | Found a radiant altar of Vehumet.
  4663 | D:6      | Reached skill level 5 in Shapeshifting
  4843 | D:6      | Reached skill level 5 in Dodging
  4843 | D:6      | Reached skill level 5 in Unarmed Combat
  4867 | D:6      | Noticed Blork the orc
  4874 | D:6      | Killed Blork the orc
  4901 | D:6      | Found a burning altar of Makhleb.
  4902 | D:6      | Noticed Edmund
  4911 | D:6      | Killed Edmund
  4912 | D:6      | Reached XP level 9. HP: 65/65 MP: 9/9
  5430 | D:7      | Found a staircase to the Ecumenical Temple.
  5779 | D:7      | Identified the +2 leather armour of Vaizema {+Inv Fly rF+
                  | Str-4}
  5779 | D:7      | Noticed a deep elf pyromancer
  5787 | D:7      | Killed a deep elf pyromancer
  5788 | D:7      | Reached skill level 5 in Fighting
  5788 | D:7      | Reached skill level 6 in Unarmed Combat
  6175 | D:7      | Gained mutation: You sometimes gain a little power by
                  | taking damage. [demonic ancestry]
  6175 | D:7      | Reached XP level 10. HP: 67/76 MP: 10/10
  6218 | D:7      | Gained mutation: Your magical capacity is low. (-10% MP)
                  | [Ru sacrifice]
  6227 | D:7      | Noticed a gargoyle
  6243 | D:7      | Killed a gargoyle
  6654 | D:7      | Noticed a gargoyle
  6659 | D:7      | Killed a gargoyle
  6673 | D:7      | Reached skill level 7 in Unarmed Combat
  6684 | D:7      | Noticed a manticore
  6700 | D:7      | Killed from afar by a manticore

Illustrated notes

Levels and vault maps discovered:
D:1:      heliophobic_arrival_ceremonial_halls, layout_rooms,
          shapermc_ecumenical_altar_totnotflames, grunt_decor_clamped
D:2:      layout_basic, basic_altar
D:3:      layout_rooms, minmay_misc_feat_nine_boxes, st_stairs_7,
          grunt_decor_resistance, uniq_terence, uniq_ijyb
D:4:      layout_basic, nicolae_kikubaaqudgha_miasma_corner,
          gammafunk_ghost_split, minmay_hollow_rounded_squares, uniq_duvessa
D:5:      corexii_shantytown, layout_cave_pools,
          nicolae_gozag_cash_rules_everything_around_me,
          nicolae_overflow_squiral, mainiacjoe_overflow_swirl,
          portal_sewer_entry_c
D:6:      layout_basic, riverfiend_overflow_shadow_ancestor, lemuel_round_altar,
          fiery_altar_vehumet, uniq_edmund, uniq_blork_the_orc
D:7:      nzn_winding_woodlands_stair_cross
          [nzn_winding_woodlands_5x15_concentric,
          nzn_winding_woodlands_center_garden, nzn_winding_woodlands_5x15_cabin,
          nzn_winding_woodlands_5x5_three,
          nzn_winding_woodlands_5x5_closed_star,
          nzn_winding_woodlands_5x15_crooked,
          nzn_winding_woodlands_center_pierced_h,
          nzn_winding_woodlands_5x15_default], layout_basic,
          minmay_temple_entry_waves

Skill      XL: |  1  2  3  4  5  6  7  8  9 10 |
---------------+-------------------------------+-----
Evocations     | 1 2 3 4 5 6 |  6.4
Shapeshifting  | 1 2 3 4 5 6 |  6.8
Dodging        | 3 4 5 6 |  6.3
Unarmed Combat | 3 4 5 6 7 |  7.0
Fighting       | 5 6 |  6.4

Action                     |  1- 3 |  4- 6 |  7- 9 | 10-12 || total
---------------------------+-------+-------+-------+-------++-------
  Melee: Unarmed           |    61 |       |     9 |       ||    70
         Touch             |     8 |    12 |    50 |     6 ||    76
         Short sword       |    40 |    44 |       |       ||    84
         Headbutt          |     6 |    18 |    53 |     5 ||    82
         Punch             |     2 |     2 |     6 |     2 ||    12
         Flail             |       |    44 |   271 |    36 ||   351
         Kick              |       |    18 |    73 |     9 ||   100
 Invoke: Reject Sacrifices |       |       |     1 |       ||     1
         Sacrifice Essence |       |       |       |     1 ||     1
  Evoke: Wand              |       |       |     1 |       ||     1
    Use: Scroll            |     5 |     4 |     5 |     3 ||    17
         Potion            |     1 |     3 |     1 |     1 ||     6
   Stab: Sleeping          |       |       |     5 |       ||     5
 Armour: Robe              |    42 |     1 |       |       ||    43
         Quicksilver drago |       |    49 |    21 |       ||    70
         Steam dragon scal |       |       |   115 |    18 ||   133
  Dodge: Dodged            |    78 |    66 |   317 |    42 ||   503
